Map: Dusty Gorge

Players

DanBelnK - Winner!

  • Race: Zerg Zerg
  • League: Diamond
  • Spawn Location: 11:00

MacroGodKing - Winner!

  • Race: Protoss Protoss
  • League: Diamond
  • Spawn Location: 9:00

Rycerj

  • Race: Terran Terran
  • League: Diamond
  • Spawn Location: 5:00

strength

  • Race: Terran Terran
  • Spawn Location: 3:00

VOD

Have the link to the VOD?

Description

Time

  • Played on: April 8, 2018, 6:14 p.m.
  • Length: 12:51
Show
View Real Time Build Order
Export as new Build Order

DanBelnK Zerg - Winner!

Build Orders: Hatch First 

Get SALT Encoding   

  12  0:01  Drone  
  13  0:15  Overlord  
  13  0:21  Drone  
  13  0:25  Extractor  
  13  0:26  Drone  
  15  0:35  Drone  
  16  0:39  Drone  
  17  0:48  Drone  
  18  1:02  Drone  
  19  1:04  Hatchery  
  18  1:15  Extractor  
  18  1:17  Spawning Pool  
  16  1:20  Drone  
  16  1:22  Drone  
  18  1:31  Drone  
  19  1:43  Overlord  
  19  1:54  Drone  
  20  2:12  Zergling x2  
  20  2:13  Queen  
  20  2:14  Zergling x2  
  24  2:16  Queen  
  24  2:17  Drone  
  24  2:18  Metabolic Boost  
  27  2:26  Drone  
  28  2:37  Drone  
  28  2:39  Drone x2  
  32  2:51  Drone x2  
  32  2:59  Hatchery  
  32  3:03  Drone x2  
  32  3:04  Baneling Nest  
  32  3:16  Queen  
  34  3:21  Overlord x2  
  34  3:22  Drone  
  35  3:27  Spore Crawler  
  35  3:30  Spore Crawler  
  33  3:34  Overlord  
  33  3:35  Zergling x4  
  35  3:50  Zergling x12  
  41  4:01  Drone  
  43  4:02  Drone  
  43  4:12  Lair  
  43  4:13  Queen  
  45  4:18  Drone x3  
  48  4:28  Drone  
  48  4:29  Drone x2  
  48  4:30  Spore Crawler, Drone  
  48  4:31  Drone  
  52  4:32  Drone  
  52  4:33  Drone  
  52  4:35  Baneling  
  52  4:36  Baneling  
  52  4:37  Baneling x2  
  54  4:42  Extractor  
  54  4:43  Extractor  
  52  4:46  Evolution Chamber  
  52  4:47  Drone x2  
  52  4:49  Drone  
  54  5:02  Drone x2  
  54  5:05  Drone  
  57  5:07  Overlord x3  
  57  5:31  Drone x10  
  57  5:32  Zergling x8  
  71  5:38  Zerg Ground Armor Level 1  
  71  5:42  Hydralisk Den  
  70  5:43  Drone  
  70  5:47  Drone x2  
  70  5:48  Extractor  
  70  5:49  Drone  
  73  5:50  Drone  
  73  5:52  Drone  
  75  6:00  Drone x4  
  75  6:01  Drone  
  80  6:11  Centrifical Hooks  
  80  6:13  Muscular Augments  
  80  6:20  Drone  
  80  6:23  Overseer  
  80  6:25  Pneumatized Carapace  
  81  6:31  Overlord x5  
  81  6:37  Extractor  
  80  6:54  Drone x3  
  80  6:55  Drone x2  
  80  6:56  Drone x3  
  80  6:57  Extractor  
  80  7:01  Queen  
  87  7:02  Drone  
  87  7:03  Hatchery  
  89  7:16  Zergling x24  
  101  7:24  Grooved Spines  
  101  7:30  Infestation Pit  
  99  7:40  Hydralisk x11  
  118  8:02  Zergling x8  
  118  8:03  Overlord  
  118  8:04  Overlord x5  
  122  8:06  Zerg Ground Armor Level 2, Hive  
  122  8:13  Evolution Chamber  
  115  8:44  Zergling x2  
  115  8:45  Zergling x38  
  135  8:56  Baneling x4  
  135  8:57  Baneling x4  
  135  9:02  Zergling x10  
  140  9:03  Zergling x6  
  127  9:26  Hatchery  
  127  9:27  Extractor  
  127  9:28  Extractor  
  127  9:29  Zergling x14  
  127  9:30  Zergling x18  
  137  9:43  Ultralisk Cavern  
  136  9:52  Overlord x2  
  136  9:53  Overlord x2  
  91  10:17  Drone x3  
  91  10:18  Drone x3  
  103  10:35  Ultralisk  
  103  10:36  Ultralisk x6  
  103  10:39  Zergling x4  
  103  10:40  Zergling x12  
  147  10:53  Chitinous Plating  
  147  10:54  Adrenal Glands  
  147  10:55  Zerg Melee Weapons Level 1  
  147  11:02  Overseer  
  147  11:23  Ultralisk  
  147  11:24  Ultralisk  
  150  11:49  Ultralisk x3  
  150  11:50  Ultralisk  
  173  12:18  Zergling x20  
  173  12:19  Zergling x28  
  197  12:35  Spire  
Show
View Real Time Build Order
Export as new Build Order

MacroGodKing Protoss - Winner!

Build Orders: 1 Gate Expand, Double Forge 

Get SALT Encoding   

  12  0:00  Probe  
  13  0:13  Probe  
  14  0:22  Pylon  
  14  0:25  Probe  
  15  0:40  Probe  
  16  0:51  Gateway  
  16  0:56  Probe (Chrono Boost)  
  17  1:08  Probe (Chrono Boost)  
  18  1:16  Probe (Chrono Boost)  
  19  1:24  Assimilator  
  19  1:28  Nexus  
  19  1:36  Probe  
  20  1:41  Cybernetics Core  
  20  1:46  Assimilator  
  20  1:49  Probe  
  21  1:54  Assimilator  
  21  2:01  Probe  
  22  2:08  Pylon  
  22  2:13  Probe  
  22  2:25  Probe  
  22  2:26  Zealot  
  25  2:47  Probe (Chrono Boost)  
  25  2:51  Probe (Chrono Boost)  
  27  2:55  Warp Gate (Chrono Boost)  
  27  2:57  Stalker  
  30  2:58  Probe (Chrono Boost)  
  30  3:01  Probe (Chrono Boost)  
  31  3:06  Probe (Chrono Boost)  
  31  3:07  Probe (Chrono Boost)  
  33  3:15  Probe (Chrono Boost)  
  33  3:16  Probe (Chrono Boost)  
  35  3:25  Probe x2 (Chrono Boost)  
  37  3:29  Probe (Chrono Boost)  
  37  3:30  Probe  
  39  3:45  Probe  
  39  3:46  Probe  
  41  3:48  Nexus  
  41  3:54  Stalker  
  43  3:57  Probe  
  43  3:58  Probe  
  45  4:02  Pylon  
  45  4:04  Pylon  
  45  4:06  Assimilator  
  45  4:09  Assimilator  
  45  4:10  Probe  
  46  4:17  Pylon  
  46  4:21  Probe  
  47  4:36  Probe x2  
  49  4:43  Twilight Council  
  49  4:48  Forge  
  49  4:53  Forge  
  49  4:55  Probe  
  49  4:56  Probe  
  51  5:03  Probe (Chrono Boost)  
  51  5:05  Gateway  
  51  5:06  Gateway  
  52  5:08  Probe (Chrono Boost)  
  52  5:09  Probe (Chrono Boost)  
  54  5:15  Probe (Chrono Boost)  
  54  5:16  Protoss Ground Armor Level 1  
  54  5:20  Probe (Chrono Boost)  
  54  5:21  Stalker, Probe (Chrono Boost)  
  59  5:23  Probe (Chrono Boost)  
  59  5:25  Blink (Chrono Boost)  
  59  5:26  Protoss Ground Weapons Level 1  
  60  5:30  Probe  
  60  5:32  Probe x2  
  63  5:43  Probe  
  63  5:44  Probe x2  
  63  5:49  Pylon  
  66  5:51  Stalker  
  68  6:07  Probe x3  
  71  6:11  Pylon  
  71  6:18  Stalker x2  
  71  6:19  Stalker  
  71  6:23  Assimilator  
  77  6:27  Assimilator, Gateway  
  77  6:28  Gateway  
  77  6:30  Gateway  
  77  6:33  Gateway  
  77  6:37  Gateway  
  77  6:44  Pylon  
  77  6:47  Stalker x2, Pylon  
  77  6:48  Stalker  
  77  6:52  Probe  
  77  6:53  Probe x2  
  86  7:01  Nexus  
  86  7:04  Pylon  
  86  7:05  Probe x2  
  86  7:07  Assimilator  
  88  7:11  Protoss Ground Armor Level 2 (Chrono Boost), Probe  
  88  7:12  Assimilator  
  89  7:15  Pylon  
  89  7:16  Charge (Chrono Boost)  
  89  7:17  Probe x2  
  89  7:22  Robotics Facility  
  91  7:24  Robotics Facility  
  91  7:32  Photon Cannon  
  91  7:35  Photon Cannon  
  91  7:36  Shield Battery  
  91  7:37  Pylon  
  91  7:44  Stalker  
  91  7:45  Stalker x4  
  91  7:47  Stalker  
  103  8:11  Warp Prism  
  103  8:12  Observer  
  106  8:17  Probe (Chrono Boost)  
  106  8:18  Probe x2 (Chrono Boost)  
  106  8:19  Probe (Chrono Boost)  
  112  8:28  Probe x3 (Chrono Boost)  
  112  8:33  Protoss Ground Weapons Level 2 (Chrono Boost)  
  113  8:45  Robotics Bay  
  113  8:47  Templar Archives  
  113  8:48  Observer  
  114  8:49  Observer  
  115  8:58  Stalker x3  
  115  8:59  Stalker x5  
  131  9:17  Gateway x2  
  131  9:19  Gateway  
  131  9:21  Gateway  
  131  9:22  Pylon  
  131  9:23  Pylon, Photon Cannon x2  
  131  9:26  Photon Cannon  
  131  9:29  Shield Battery  
  127  9:31  Stalker  
  127  9:32  Stalker x5  
  127  9:33  Stalker x2  
  132  10:32  Colossus (Chrono Boost)  
  132  10:34  Warp Prism (Chrono Boost)  
  124  10:44  Psionic Storm  
  124  10:47  Stalker x5  
  124  10:48  Stalker x4  
  124  10:49  Stalker x2  
  138  10:52  Extended Thermal Lance (Chrono Boost)  
  138  11:03  Colossus (Chrono Boost)  
  144  11:16  Colossus (Chrono Boost)  
  136  11:34  Stalker x7  
  136  11:35  Stalker x5  
  158  11:50  Colossus (Chrono Boost)  
  164  12:00  Nexus  
  164  12:02  Assimilator  
  164  12:08  Assimilator  
  170  12:11  Pylon  
  170  12:12  Pylon  
  170  12:16  Pylon  
  170  12:19  Zealot  
  172  12:31  Pylon  
  172  12:32  Zealot x3  
  172  12:33  Pylon, Zealot x3  
  172  12:34  Zealot x3  
  172  12:35  Pylon, Zealot  
Show
View Real Time Build Order
Export as new Build Order

Rycerj Terran 

Build Orders: Reaper Expand, Mech 

Get SALT Encoding   

  12  0:01  SCV  
  13  0:13  SCV  
  14  0:18  Supply Depot  
  14  0:25  SCV  
  15  0:29  Refinery  
  15  0:40  SCV  
  16  0:46  Barracks  
  16  0:52  SCV  
  18  1:04  SCV  
  18  1:16  SCV  
  19  1:32  Orbital Command  
  19  1:33  Reaper  
  20  1:47  Command Center  
  20  1:59  Factory  
  20  2:02  SCV  
  20  2:06  Barracks Reactor  
  21  2:14  SCV  
  22  2:17  Supply Depot  
  22  2:27  SCV  
  23  2:39  Refinery, SCV  
  24  2:55  SCV  
  25  2:59  Hellion x2  
  29  3:07  Command Center  
  29  3:09  Orbital Command  
  29  3:13  SCV  
  30  3:24  Cyclone  
  30  3:25  SCV  
  34  3:31  Cyclone  
  37  3:37  SCV x2  
  39  3:49  SCV  
  39  3:52  SCV, Supply Depot  
  41  4:01  SCV  
  42  4:04  SCV  
  43  4:12  Factory x2  
  43  4:13  Barracks Tech Lab, Refinery, SCV  
  43  4:16  SCV  
  45  4:20  Orbital Command  
  45  4:25  SCV  
  45  4:28  SCV  
  47  4:31  Engineering Bay  
  47  4:37  SCV  
  48  4:40  Barracks Tech Lab, Cyclone  
  48  4:42  Cyclone  
  48  4:43  SCV  
  55  4:47  SCV  
  55  4:49  SCV  
  55  4:51  Refinery  
  57  4:55  SCV  
  57  4:59  Missile Turret  
  58  5:00  SCV  
  58  5:02  Missile Turret  
  58  5:03  SCV  
  60  5:07  SCV  
  60  5:08  Orbital Command  
  61  5:14  Barracks Tech Lab  
  61  5:16  SCV  
  61  5:18  Starport  
  61  5:20  Siege Tank  
  65  5:23  Hellion x2  
  69  5:35  Supply Depot  
  69  5:45  Supply Depot x2  
  69  5:56  Hellion, Siege Tank, SCV x3, Supply Depot  
  77  5:59  Hellion  
  77  6:02  Armory  
  77  6:03  Armory  
  77  6:07  Siege Tank  
  77  6:09  SCV x2  
  82  6:14  SCV  
  82  6:15  Missile Turret  
  83  6:21  SCV x2  
  85  6:26  SCV  
  85  6:32  Siege Tank  
  89  6:33  Missile Turret, SCV  
  89  6:34  Hellion x2  
  89  6:35  SCV  
  95  6:41  SCV  
  95  6:46  SCV  
  95  6:47  Missile Turret  
  97  6:49  Missile Turret  
  97  6:52  Sensor Tower  
  97  6:53  SCV  
  97  6:54  SCV  
  99  6:55  Missile Turret  
  99  6:58  SCV  
  99  7:00  Missile Turret  
  100  7:06  Terran Vehicle Weapons Level 1, Terran Vehicle And Ship Armor Level 1, SCV  
  101  7:20  Refinery x2  
  101  7:26  Factory  
  101  7:28  Command Center  
  101  7:30  Factory  
  101  8:10  Supply Depot  
  101  8:11  SCV, Supply Depot x2, Raven  
  101  8:12  Hellion x2  
  108  8:13  Command Center  
  108  8:14  Command Center  
  108  8:15  Supply Depot  
  108  8:23  Missile Turret  
  108  8:24  SCV  
  109  8:30  Factory Tech Lab x2  
  109  8:31  Siege Tank x2  
  115  8:36  Starport  
  115  8:37  Starport  
  115  8:43  Cyclone x2  
  115  8:45  SCV  
  122  8:48  Supply Depot  
  122  8:50  Missile Turret, Supply Depot  
  122  8:53  Missile Turret  
  122  8:57  Siege Tank x2  
  128  9:04  Terran Vehicle And Ship Armor Level 2, Terran Vehicle Weapons Level 2  
  128  9:05  Factory x2  
  122  9:41  Hellion x2  
  126  9:46  Siege Tank x4  
  138  9:53  Factory Reactor  
  119  10:04  Hellion x2  
  89  10:15  Smart Servos  
  89  10:16  Infernal Pre-Igniter  
  89  10:17  Starport Tech Lab, Starport Reactor  
  89  10:18  Siege Tank x2  
  95  10:26  Orbital Command  
  88  10:33  Cyclone x2  
  94  10:42  Hellion x2  
  99  10:45  Raven  
  101  10:50  Factory Tech Lab  
  99  10:59  Viking x2  
  103  11:07  Hellion x3  
  103  11:08  Hellion  
  111  11:13  Siege Tank  
  114  11:22  Missile Turret x2  
  114  11:23  Missile Turret  
  114  11:24  Missile Turret  
  69  12:13  Siege Tank  
  69  12:14  Siege Tank x3  
  69  12:15  Siege Tank  
  74  12:16  Hellion x2  
Show
View Real Time Build Order
Export as new Build Order

strength Terran 

Build Orders: Bio Tank 

Get SALT Encoding   

  12  0:01  SCV  
  13  0:13  SCV  
  14  0:20  Supply Depot  
  14  0:25  SCV  
  15  0:42  SCV  
  16  0:44  Barracks  
  16  0:50  Refinery  
  16  0:54  SCV  
  17  1:06  SCV  
  18  1:18  SCV  
  19  1:30  SCV  
  19  1:32  Reaper  
  21  1:37  Command Center  
  21  1:42  SCV  
  22  1:55  Orbital Command  
  22  2:08  Supply Depot  
  22  2:13  Barracks Reactor  
  22  2:21  Engineering Bay  
  22  2:22  SCV  
  23  2:33  Factory  
  23  2:34  SCV  
  24  2:46  SCV  
  24  2:53  Orbital Command  
  24  2:58  Marine x2, SCV  
  27  3:05  Missile Turret  
  27  3:10  SCV  
  28  3:15  Marine  
  28  3:16  Marine  
  32  3:20  Widow Mine  
  32  3:21  Starport  
  32  3:22  SCV  
  32  3:24  SCV  
  34  3:28  Missile Turret  
  34  3:34  Marine x2, SCV  
  34  3:36  SCV  
  38  3:42  Supply Depot  
  38  3:46  SCV  
  38  3:48  SCV  
  40  3:50  Widow Mine  
  40  3:52  Marine x2  
  44  3:59  SCV  
  44  4:00  SCV  
  46  4:04  Refinery, Terran Infantry Weapons Level 1  
  46  4:09  Engineering Bay  
  46  4:11  SCV  
  46  4:12  Supply Depot, SCV  
  46  4:16  Marine x2  
  50  4:30  SCV x2  
  52  4:32  Refinery  
  52  4:34  Refinery  
  52  4:36  Command Center  
  52  4:40  Medivac  
  52  4:42  Factory Tech Lab, SCV x2  
  56  4:54  Marine, SCV x2  
  56  4:55  Marine  
  60  5:01  Supply Depot  
  60  5:06  SCV x2  
  62  5:14  Starport Reactor  
  62  5:22  Marine x2, Siege Tank  
  62  5:23  SCV x2  
  62  5:25  Terran Infantry Armor Level 1  
  62  5:27  Supply Depot  
  69  5:29  Supply Depot  
  69  5:33  Barracks  
  69  5:38  SCV  
  70  5:48  Marine x2, SCV  
  73  5:53  Barracks  
  73  6:06  Medivac x2, Marine x2  
  73  6:11  Orbital Command  
  79  6:12  SCV x2  
  71  6:19  Siege Tank  
  71  6:22  Barracks Tech Lab  
  71  6:23  Marine x2  
  71  6:24  SCV  
  71  6:25  Barracks  
  77  6:30  Armory  
  77  6:32  SCV  
  78  6:36  SCV  
  79  6:41  Medivac x2, Marine x3  
  79  6:43  Stimpack  
  79  6:44  SCV x2  
  88  6:48  SCV  
  88  6:51  Barracks Reactor  
  88  6:53  Supply Depot  
  89  6:56  Siege Tank, SCV  
  89  6:59  Marine x3  
  96  7:02  Missile Turret  
  96  7:06  SCV  
  96  7:07  SCV  
  96  7:08  SCV  
  99  7:12  Missile Turret  
  99  7:15  Barracks Reactor, Missile Turret, Barracks  
  99  7:17  Marine  
  99  7:19  Medivac x2, SCV x2  
  99  7:20  SCV  
  107  7:29  Factory  
  107  7:31  SCV x2  
  107  7:32  SCV  
  108  7:43  SCV  
  109  8:05  Command Center  
  109  8:07  Barracks Tech Lab, Missile Turret  
  109  8:28  Refinery  
  109  8:29  SCV  
  109  8:30  Marine, Refinery  
  109  8:31  Marine, SCV  
  109  8:32  Marine  
  109  8:33  Marine x3, SCV  
  109  8:34  Medivac x2, Siege Tank, Marauder  
  108  8:38  Marine  
  109  8:52  Bunker  
  109  9:10  Bunker  
  109  9:16  Marine x8  
  109  9:17  Siege Tank, SCV x2  
  105  9:29  SCV x2  
  105  9:30  Orbital Command  
  81  9:33  Factory Tech Lab  
  81  9:34  Marine x7  
  81  9:35  Marauder  
  81  9:37  Medivac x2  
  82  9:41  SCV x2  
  84  9:49  Siege Tank  
  84  9:52  Marine x6, Marauder  
  95  9:53  Planetary Fortress, SCV x2  
  95  9:56  Marauder  
  99  10:00  SCV  
  99  10:05  SCV x2  
  102  10:07  Siege Tank  
  102  10:09  Concussive Shells, Combat Shields  
  102  10:10  Marine  
  102  10:11  Terran Infantry Weapons Level 2, Terran Infantry Armor Level 2  
  102  10:12  SCV  
  109  10:14  Terran Vehicle Weapons Level 1, Marauder  
  109  10:15  Supply Depot  
  109  10:17  Marauder, SCV x2  
  109  10:21  Siege Tank  
  116  10:24  SCV  
  116  10:27  Marine  
  116  10:28  Marine x5  
  118  10:29  SCV  
  124  10:36  Marauder, SCV x3  
  124  10:37  Refinery  
  124  10:38  Marine  
  124  10:39  Refinery  
  124  10:41  SCV  
  131  10:45  Marine  
  132  10:53  Supply Depot  
  132  10:54  Command Center  
  132  10:55  Supply Depot  
  132  11:07  Supply Depot x2  
  132  11:08  Supply Depot  
  132  11:15  Marine x3, Marauder, SCV x3, Factory  
  132  11:17  Marine x3, Siege Tank, SCV  
  147  11:19  Supply Depot  
  147  11:20  Supply Depot  
  147  11:27  SCV  
  147  11:28  Medivac x2, Missile Turret, SCV x2  
  147  11:29  Siege Tank, SCV, Marauder  
  160  11:32  Marine x3  
  160  11:34  Marine x3  
  160  11:37  Marauder  
  160  11:39  SCV  
  168  11:40  SCV x2  
  168  11:41  SCV  
  171  11:49  Siege Tank  
  171  11:50  Marine, Marauder  
  171  11:51  SCV  
  178  11:54  Marine  
  178  11:55  Marine x4  
  178  11:58  Marauder  
  185  12:08  Marine  
  183  12:11  Marauder  
  183  12:12  Marine x2  
  183  12:13  Marine x3  
  183  12:19  Marauder  
  185  12:26  Marine  
  185  12:29  Command Center  
  186  12:30  Marine x4  
Tags
 
Add a new tag
Caveats
  • Supply blocks, unpowered buildings, or Contaminate may cause inaccurate times.
  • Supply counts are checked every 10 seconds.